 Dungeon Crawl Stone Soup version 0.23.0 (webtiles) character file.

Game seed: 1849500171424636614

308 Morbidden the Chopper (level 6, -3/47 HPs)
             Began as a Demonspawn Fighter on Feb 15, 2019.
             Was an Initiate of Okawaru.
             Slain by an ogre
             ... wielding a +0 giant club
              (13 damage)
             ... on level 4 of the Dungeon.
             The game lasted 00:04:15 (3045 turns).

Morbidden the Chopper (Demonspawn Fighter)          Turns: 3045, Time: 00:04:16

Health: -3/47      AC: 17    Str: 18    XL:     6   Next: 16%
Magic:  7/7        EV:  3    Int: 13    God:    Okawaru [......]
Gold:   131        SH:  9    Dex: 12    Spells: 5/5 levels left

rFire    . . .     SeeInvis .   a - +0 war axe
rCold    . . .     Gourm    .   c - +0 shield
rNeg     . . .     Faith    .   s - +0 plate armour
rPois    .         Spirit   .   o - +0 helmet {Int+3}
rElec    .         Reflect  .   (no cloak)
rCorr    .         Harm     .   n - +1 pair of gloves
MR       .....                  (no boots)
Stlth    ..........             (no amulet)
HPRegen  0.15/turn              (no ring)
MPRegen  0.10/turn              (no ring)

@: lethally poisoned (-3 -> -4)
A: hooves 1, yellow scales 2, powered by death 1, rot immunity
a: Renounce Religion


You were on level 4 of the Dungeon.
You worshipped Okawaru.
Okawaru was noncommittal.
You were hungry.

You visited 1 branch of the dungeon, and saw 4 of its levels.

You collected 131 gold pieces.

Inventory:

Hand Weapons
 a - a +0 war axe (weapon)
Armour
 c - a +0 shield (worn)
 n - a +1 pair of gloves (worn)
 o - a +0 helmet of intelligence (worn)
 s - a +0 plate armour (worn)
Scrolls
 b - 3 scrolls of amnesia {unknown}
 e - 3 scrolls of teleportation {unknown}
 g - 3 scrolls of fear {unknown}
 h - 3 scrolls of identify {unknown}
 l - 4 scrolls of immolation {unknown}
 r - a scroll of fog {unknown}
 w - a scroll of blinking {unknown}
Potions
 d - 4 potions of might
 i - a potion of haste
 j - a potion of resistance
 k - a potion of invisibility {unknown}
 m - a potion of curing {unknown}
 p - a potion of ambrosia {unknown}
 q - a potion of cancellation {unknown}
 t - a potion of agility {unknown}
 u - a potion of brilliance {unknown}
 v - a potion of flight {unknown}
Comestibles
 f - 9 rations


   Skills:
 + Level 3.6 Fighting
 * Level 4.6 Axes
 + Level 3.3 Armour
 + Level 0.4 Dodging
 + Level 3.3 Shields
 * Level 1.4 Invocations


You had 5 spell levels left.
You didn't know any spells.
Your spell library was empty.

Dungeon Overview and Level Annotations

Branches:
Dungeon (4/15)
 Temple: D:4-7

Altars:
Elyvilon
Okawaru
Ru
Trog


Innate Abilities, Weirdness & Mutations

You have large cloven feet.
You are mostly covered in yellow scales. (AC +3)
You regenerate a little health from kills.
You are immune to rotting.


Message History

Unknown command.
You are too injured to fight recklessly!
Unknown command.
You feel sick.
The worker ant waves its antennae.
You feel sick.
You feel sick.
You feel sick.
You feel sick.
You feel sick.
You feel sick.
You feel sick.
You feel sick.
You feel sick.
Found a ration.
You feel sick.
Found a short sword.
You feel sick. The ogre hits you with a +0 giant club!
You die...

##.#.......#.##
#.g#.......#.#
##.g.#..##.#
#..g#..#..#
##..##...#
####...#..#
#.........###
#.##.#..O...#####
#. ...#..a@.......
#......#...........
#.#.....%.....#####
#....#.......)
#....##...#...# ...
#.......# #..
....#...#
....####.#


You could see an ogre, a worker ant and 3 gnolls.

Vanquished Creatures
  A centaur (D:3)
  A scorpion (D:4)
  An orc priest (D:3)
  Robin (D:2)
  4 gnolls (D:2)
  An ooze (D:1)
  3 dart slugs (D:1)
  3 orcs (D:3)
  7 giant cockroaches
  15 goblins
  6 hobgoblins
  8 jackals (D:3)
  2 quokkas (D:3)
  A ball python (D:2)
  12 bats
  6 frilled lizards
  11 kobolds
  5 rats
88 creatures vanquished.

Vanquished Creatures (others)
  A giant cockroach (D:3)
  2 goblins (D:3)
3 creatures vanquished.

Grand Total: 91 creatures vanquished

Notes
Turn   | Place    | Note
-------+----------+-------------------------------------------
     0 | D:1      | Morbidden the Demonspawn Fighter began the quest for the
                  | Orb.
     0 | D:1      | Reached XP level 1. HP: 18/18 MP: 1/1
   385 | D:1      | Gained mutation: You regenerate a little health from kills.
                  | [demonic ancestry]
   385 | D:1      | Reached XP level 2. HP: 22/24 MP: 2/2
   391 | D:1      | Reached skill level 2 in Axes
   640 | D:1      | Gained mutation: You have large cloven feet. [demonic
                  | ancestry]
   640 | D:1      | Reached XP level 3. HP: 21/29 MP: 3/3
  1134 | D:2      | Noticed Robin
  1148 | D:2      | Killed Robin
  1152 | D:2      | Reached skill level 3 in Axes
  1271 | D:2      | Gained mutation: You are partially covered in yellow
                  | scales. (AC +2) [demonic ancestry]
  1271 | D:2      | Reached XP level 4. HP: 23/35 MP: 4/4
  2128 | D:3      | Found a white marble altar of Elyvilon.
  2162 | D:3      | Gained mutation: You are immune to rotting. [demonic
                  | ancestry]
  2162 | D:3      | Reached XP level 5. HP: 9/41 MP: 5/5
  2686 | D:3      | Found an iron altar of Okawaru.
  2687 | D:3      | Found a sacrificial altar of Ru.
  2712 | D:3      | Found a bloodstained altar of Trog.
  2720 | D:3      | Became a worshipper of Warmaster Okawaru
  2758 | D:3      | Noticed a centaur
  2765 | D:3      | Killed a centaur
  2765 | D:3      | Reached skill level 4 in Axes
  2765 | D:3      | Reached skill level 1 in Invocations
  2785 | D:3      | Found a faded altar of an unknown god.
  3012 | D:4      | Gained mutation: You are mostly covered in yellow scales.
                  | (AC +3) [demonic ancestry]
  3012 | D:4      | Reached XP level 6. HP: 34/47 MP: 5/7
  3045 | D:4      | Slain by an ogre

Skill      XL: |  1  2  3  4  5 |
---------------+----------------+-----
Armour         | 3 |  3.3
Axes           | 2 3 4 |  4.6
Shields        | 3 |  3.3
Invocations    | 1 |  1.4
Fighting       | |  3.6
Dodging        | |  0.4

Action                   |  1- 3 |  4- 6 || total
-------------------------+-------+-------++-------
Melee: War axe           |    84 |   113 ||   197
       Kick              |    11 |    28 ||    39
  Use: Potion            |       |     3 ||     3
  Eat: Chunk             |       |     3 ||     3
       Ration            |       |     1 ||     1
Armor: Scale mail        |    40 |    34 ||    74
       Plate armour      |       |    63 ||    63
Dodge: Dodged            |    34 |    14 ||    48
Block: Shield            |    43 |    76 ||   119
